 Dungeon Crawl Stone Soup version 0.27-a0-1105-g946c659c87 (webtiles) character file.

Game seed: 1291806301622026520

305 DogServant the Magician (level 6, -7/47 HPs)
             Began as a Djinni Venom Mage on Apr 29, 2021.
             Mangled by Natasha (9 damage)
             ... on level 4 of the Dungeon.
             The game lasted 00:09:14 (4280 turns).

DogServant the Magician (Djinni Venom Mage)         Turns: 4280, Time: 00:09:15

Health: -7/47      AC:  3    Str:  7    XL:     6   Next: 39%
Gold:   177        EV: 12    Int: 16    God:
                   SH:  0    Dex: 14

rFire    + + .     SeeInvis .   p - +0 war axe (vorpal)
rCold    x . .     Faith    .   (no shield)
rNeg     . . .     Spirit   .   a - +0 robe
rPois    ∞         Reflect  .   (no helmet)
rElec    .         Harm     .   m - +0 cloak {rCorr}
rCorr    +         Rampage  .   (no gloves)
Will     .....     Rnd*Rage +   (boots unavailable)
Stlth    ++........             (no amulet)
HPRegen  0.15/turn              (no ring)
MPRegen  0.00/turn              (no ring)

@: mighty, flying
A: fire resistance 2, cold vulnerability 1, float, innate caster, hp casting,
extra vitality 1, claws 1, berserk 1, dopey 1
a: no special abilities


You were on level 4 of the Dungeon.
You visited 1 branch of the dungeon, and saw 4 of its levels.

You collected 177 gold pieces.

Inventory:

Hand Weapons
 p - a +0 vorpal war axe (weapon)
Missiles
 t - 2 throwing nets
 u - 2 poisoned darts (quivered)
Armour
 a - a +0 robe (worn)
 g - a scarf of resistance
 m - a +0 cloak of preservation (worn)
Wands
 r - a wand of flame (16)
Scrolls
 b - a scroll of blinking {unknown}
 e - 3 scrolls of identify {unknown}
 h - a scroll of silence {unknown}
 i - a scroll of magic mapping {unknown}
 j - 3 scrolls of amnesia {unknown}
 n - 2 scrolls of enchant armour {unknown}
 o - 5 scrolls of teleportation {unknown}
Potions
 c - a potion of haste
 d - a potion of brilliance
 k - a potion of mutation
 s - a potion of heal wounds {unknown}


   Skills:
 + Level 4.0 Fighting
 - Level 2.3 Dodging
 - Level 1.5 Stealth
 + Level 4.6 Spellcasting


You couldn't memorise any spells.
You knew the following spells:

 Your Spells              Type           Power      Damage    Failure   Level
a - Sting                 Tmut/Pois      72%        1d6       2%          1
b - Poisonous Vapours     Pois/Air       36%        N/A       3%          2
c - Mephitic Cloud        Conj/Pois/Air  18%        N/A       7%          3
d - Ignite Poison         Fire/Tmut/Pois 18%        N/A       7%          3
e - Olgreb's Toxic Radia  Pois           18%        N/A       24%         4
f - Foxfire               Conj/Fire      72%        2x1d7     2%          1
g - Corpse Rot            Necr/Air       N/A        N/A       3%          2
Your spell library was empty.

Dungeon Overview and Level Annotations

Branches:
Dungeon (4/15)
 Temple: D:4-7

Altars:
Gozag

Shops:
D:1 (

Annotations:
D:3 3 runed translucent doors, LordDeathwing's ghost, weakling HOFi
D:4 Menkaure; Natasha


Innate Abilities, Weirdness & Mutations

You are immune to poison.
Your flesh is very heat resistant. (rF++)
You are vulnerable to cold. (rC-)
You float through the air rather than walking.
You learn spells naturally, not from books.
Your magical power is your life essence.
You have superior vitality. (+4 HP)
You have sharp fingernails.
You tend to lose your temper in combat.
You are dopey. (Int -2)


Message History

Unknown command.
You start resting.
Found a stone staircase leading down.
You reach down and close the door.
Natasha opens the door.
You reach down and close the door.
Natasha opens the door.
You reach down and close the door.
Natasha opens the door.
Casting: Poisonous Vapours (safe; 3% risk of failure)
Confirm with . or Enter, or press ? or * to list all spells.
Aiming: Mephitic Cloud (dangerous; 6% risk of failure)
Press: ? - help, Shift-Dir - straight line, f - Natasha
Aim: Natasha (wandering, hasn't noticed you, chance to affect: 86%)
The ball explodes into a vile cloud!
The stinking cloud engulfs Natasha but does no damage.
The stinking cloud engulfs you but does no damage.
* * * LOW HITPOINT WARNING * * *
Natasha is engulfed in noxious fumes.
Natasha appears confused.
Natasha drinks a potion.
Natasha seems less confused.
You closely miss Natasha.
Natasha is engulfed in noxious fumes.
Natasha appears confused.
Natasha claws you!
* * * LOW HITPOINT WARNING * * *
It was a potion of haste.
You feel yourself speed up.
Natasha is engulfed in noxious fumes.
Natasha appears confused.
Natasha closely misses you.
It was a potion of brilliance.
You feel clever all of a sudden.
Natasha is engulfed in noxious fumes.
It was a potion of flight.
You feel more buoyant.
Okay, then.
It was a potion of mutation.
You feel extremely strange.
You feel stupid.
You feel a little pissed off.
Your fingernails lengthen.
It was a potion of cancellation.
Your magical effects are unravelling.
You feel magically purged.
You feel yourself slow down.
You feel a little less clever now.
It was a potion of might.
You feel very mighty all of a sudden.
Okay, then.
Natasha claws you!
You die...

#...# .. ..# #...# .## #.#
#...# ... ..# #...# #.#
#.# #...# #.# #.#
#...#####.###.#######.
#####.........[....(..(...
..........................
.....##.........@..)......
.....##.......#h#'##......
.....##.......#...# #....
.....###########..# ##.
.....# #..# ..#### #..#
..# ..>. ..# .### ..# #


You could see Natasha (confused).

Vanquished Creatures
  An ogre (D:4)
  Crazy Yiuf (D:2)
  An orc priest (D:4)
  Natasha (twice) (D:4)
  3 gnolls (D:3)
  2 adders (D:2)
  A dart slug (D:3)
  4 orcs
  8 endoplasms
  2 giant cockroaches
  5 goblins
  4 hobgoblins
  A jackal (D:1)
  6 kobolds
  5 ball pythons
  7 bats
  6 frilled lizards
  7 rats
66 creatures vanquished.

Notes
Turn   | Place    | Note
-------+----------+-------------------------------------------
     0 | D:1      | DogServant the Djinni Venom Mage began the quest for the
                  | Orb.
     0 | D:1      | Reached XP level 1. HP: 15/15 MP: 0/0
   103 | D:1      | Found Tut Ytef's Weapon Emporium.
   277 | D:1      | Reached XP level 2. HP: 20/21 MP: 0/0
   676 | D:1      | Reached skill level 1 in Fighting
  1470 | D:1      | Reached XP level 3. HP: 23/27 MP: 0/0
  1470 | D:1      | Learned a level 1 spell: Foxfire
  2270 | D:2      | Found a runed translucent door.
  2271 | D:2      | Noticed Crazy Yiuf
  2343 | D:2      | Killed Crazy Yiuf
  2344 | D:2      | Reached XP level 4. HP: 27/33 MP: 0/0
  3121 | D:3      | Found a runed translucent gate.
  3121 | D:3      | Found a runed translucent gate.
  3121 | D:3      | Found a runed translucent gate.
  3137 | D:3      | Found an opulent altar of Gozag.
  3140 | D:3      | Noticed LordDeathwing's ghost (weakling HOFi)
  3632 | D:3      | Reached XP level 5. HP: 28/40 MP: 0/0
  3632 | D:3      | Learned a level 2 spell: Corpse Rot
  3858 | D:4      | Noticed Menkaure
  4209 | D:4      | Noticed Natasha
  4212 | D:4      | Noticed an ogre
  4217 | D:4      | Killed Natasha
  4224 | D:4      | Killed an ogre
  4225 | D:4      | Reached XP level 6. HP: 19/47 MP: 0/0
  4227 | D:4      | Noticed Natasha
  4230 | D:4      | Killed Natasha
  4268 | D:4      | Noticed Natasha
  4272 | D:4      | HP: 1/47 [Natasha (9)]
  4276 | D:4      | Gained mutation: You are dopey. (Int -2) [potion of
                  | mutation]
  4276 | D:4      | Gained mutation: You tend to lose your temper in combat.
                  | [potion of mutation]
  4276 | D:4      | Gained mutation: You have sharp fingernails. [potion of
                  | mutation]
  4280 | D:4      | Mangled by Natasha

Illustrated notes

Levels and vault maps discovered:
D:1:      lemuel_arrival_room, layout_basic, serial_shops, shop_fountains,
          minmay_domino_2
D:2:      layout_loops_ring, hangedman_decor_riveting,
          kennysheep_generic_room_9, uniq_crazy_yiuf_cottage
D:3:      layout_rooms, ebering_ghost_gozag
D:4:      layout_basic, vehumet_altar_wand_db, ashenzari_altar_1, uniq_natasha,
          uniq_ijyb, uniq_menkaure

Skill      XL: |  1  2  3  4  5  6 |
---------------+-------------------+-----
Spellcasting   | 3 4 |  4.6
Fighting       | 1 2 3 4 |  4.0
Dodging        | |  2.3
Stealth        | |  1.5

Action                   |  1- 3 |  4- 6 || total
-------------------------+-------+-------++-------
Melee: Unarmed           |    17 |     4 ||    21
       War axe           |       |    11 ||    11
 Cast: Sting             |    44 |    18 ||    62
       Poisonous Vapours |     8 |    32 ||    40
       Mephitic Cloud    |     1 |     5 ||     6
       Ignite Poison     |     1 |     4 ||     5
  Use: Potion            |       |     6 ||     6
 Stab: Sleeping          |     1 |       ||     1
Armor: Robe              |     5 |     2 ||     7
Dodge: Dodged            |    15 |     9 ||    24

Table legend: (Time is in decaauts)
 A = Elapsed time spent in this place.
 B = Non-inter-level travel time spent in this place.
 C = Inter-level travel time spent in this place.
 D = Time resting spent in this place.
 E = Time spent auto-exploring this place.
 F = Levels seen in this place.
 G = Mean time per level.
                   A        B        C        D        E       F      G
               +--------+--------+--------+--------+--------+-----+--------+
         Total |   4284 |   4106 |    178 |    234 |   3480 |   4 | 1071.0 |
       Dungeon |   4284 |   4106 |    178 |    234 |   3480 |   4 | 1071.0 |
               +--------+--------+--------+--------+--------+-----+--------+

Top non-repeatable levels by time:
     D:1: 1630 daAuts
     D:2: 1378 daAuts
     D:3: 1024 daAuts
     D:4: 250 daAuts
